 Dungeon Crawl Stone Soup version 0.20.1-1-g8b1a95d (webtiles) character file.

2101 digijack the Skirmisher (level 9, -6/86 HPs)
             Began as a Centaur Berserker on Dec 15, 2017.
             Was an Elder of Trog.
             Killed from afar by a hell hound (14 damage)
             ... with a blast of flame
             ... on level 8 of the Dungeon.
             The game lasted 00:50:46 (7079 turns).

digijack the Skirmisher (Centaur Berserker)         Turns: 7079, Time: 00:50:47

Health: -6/86      AC:  9    Str: 22 (23) XL:     9   Next: 7%
Magic:  0/9        EV: 11    Int:  6      God:    Trog [****..]
Gold:   352        SH:  0    Dex:  8 (9)  Spells: 8/8 levels left

rFire    . . .     SeeInvis .   a - +1 mace
rCold    + . .     Gourm    .   (no shield)
rNeg     . . .     Faith    .   b - +1 animal skin
rPois    .         Spirit   +   (helmet restricted)
rElec    .         Reflect  .   o - +0 cloak
rCorr    .         Harm     .   n - +0 pair of gloves
MR       .....                  (no barding)
Stlth    +.........             p - amulet of guardian spirit
Regen    0.3/turn               (no ring)
MPRegen  0.2/turn               (no ring)

@: berserk cooldown, slowed
A: hooves 3, horns 1, yellow scales 1, cold resistance 1, deformed body,
deterioration 1, speed 2, robust 1, tough skin 3
a: Berserk, Trog's Hand, Brothers in Arms, Burn Spellbooks, Renounce Religion


You were on level 8 of the Dungeon.
You worshipped Trog.
Trog was greatly pleased with you.
You were not hungry.

You visited 1 branch of the dungeon, and saw 8 of its levels.

You collected 352 gold pieces.

Inventory:

Hand Weapons
 a - a +1 mace (weapon)
Armour
 b - a +1 animal skin (worn)
 n - a +0 pair of gloves (worn)
 o - a +0 cloak (worn)
Jewellery
 i - a +4 amulet of reflection
 p - an amulet of guardian spirit (around neck)
Scrolls
 e - 3 scrolls of teleportation
 h - 3 scrolls of remove curse
 j - 11 scrolls of identify
 l - 2 scrolls of recharging
Potions
 g - a potion of brilliance
 k - 3 potions of curing
 m - a potion of heal wounds
 s - a potion of ambrosia
Comestibles
 c - a bread ration
 d - a royal jelly
 f - 5 fruits
 r - 2 meat rations


   Skills:
 + Level 7.4 Fighting
   Level 2.4(4.8) Axes
 + Level 6.5(6.7) Maces & Flails
 - Level 1.3 Armour
 + Level 5.3 Dodging


You had 8 spell levels left.
You didn't know any spells.

Dungeon Overview and Level Annotations

Branches:
Dungeon (8/15)             Temple (0/1) D:4            Lair (0/6) D:8

Altars:
Ashenzari
Cheibriados
Dithmenos
Hepliaklqana
Kikubaaqudgha
Okawaru
Qazlal
Trog
Xom
Zin

Shops:
D:5 (   D:6 =


Innate Abilities, Weirdness & Mutations

You have hooves in place of feet.
Armour fits poorly on your strangely shaped body.
You cover ground very quickly.
You have extremely tough skin. (AC +3)
You have a pair of small horns on your head.
You are partially covered in yellow scales. (AC +2)
Your flesh is cold resistant. (rC+)
Your body sometimes deteriorates upon taking damage.
You are robust. (+10% HP)


Message History

The hell hound bites you but does no damage.
The hell hound barely misses you. The hell hound bites you!
* * * LOW HITPOINT WARNING * * *
The hell hound breathes flames at you. The blast of flame hits you!
* * * LOW HITPOINT WARNING * * *
Your body deteriorates!
You feel weakened. The hell hound closely misses you.
The hell hound breathes flames at you. The blast of flame hits you!
* * * LOW HITPOINT WARNING * * *
The hell hound closely misses you.
The hell hound bites you but does no damage.
The hell hound pauses to sniff the ground.
The hell hound bites you.
* * * LOW HITPOINT WARNING * * *
The hell hound breathes flames at you. The blast of flame hits you!
You die...

..........................#.>.
...........§≈§≈............#...
..........≈≈≈§≈§...........#...
.........≈§.§≈§...........#...
#..###.≈≈.>!§≈.############..
.##..###.≈≈h≈≈§≈.###.. #.##..
......'..≈.≈§§≈....... #.....
......#..[≈≈≈≈........ +.....
###.. #.§§.Hh.@....... #.....
#. ##+######...##.. ###... +
...# #### ...# ...+ ...# ####


You could see a hippogriff and 2 hell hounds.

Vanquished Creatures
  A hippogriff (D:8)
  A hungry ghost (D:8)
  Menkaure (D:4)
  An orc warrior (D:8)
  A sky beast (D:7)
  A centaur (D:5)
  3 ogres
  Blork the orc (D:4)
  3 bullfrogs
  A scorpion (D:4)
  3 wights (D:7)
  2 crimson imps
  2 bullfrog zombies
  3 hounds
  2 orc priests (D:3)
  A jelly (D:5)
  A bullfrog skeleton (D:7)
  2 iguanas
  A worker ant (D:4)
  A killer bee zombie (D:7)
  A hound skeleton (D:4)
  6 gnolls
  11 adders
  A howler monkey skeleton (D:6)
  A shadow imp (D:5)
  2 oozes
  An adder zombie (D:5)
  A worm (D:2)
  3 dart slugs
  2 leopard geckos
  18 orcs
  14 giant cockroaches
  2 goblins
  8 hobgoblins
  11 jackals
  5 kobolds
  4 quokkas
  A ball python (D:2)
  A ball python skeleton (D:6)
  9 bats
  2 frilled lizards (D:1)
  A leopard gecko skeleton (D:4)
  4 rats
141 creatures vanquished.

Vanquished Creatures (others)
  A plant (D:3)
1 creature vanquished.

Grand Total: 142 creatures vanquished

Notes
Turn   | Place    | Note
-------+----------+-------------------------------------------
     0 | D:1      | digijack the Centaur Berserker began the quest for the Orb.
     0 | D:1      | Reached XP level 1. HP: 19/19 MP: 1/1
   258 | D:1      | Reached XP level 2. HP: 17/26 MP: 2/2
   667 | D:1      | Reached XP level 3. HP: 30/31 MP: 3/3
   679 | D:1      | Reached ** piety under Trog
   685 | D:1      | Reached skill level 1 in Axes
   898 | D:2      | Found a stormy altar of Qazlal.
  1252 | D:2      | Found a shadowy altar of Dithmenos.
  1780 | D:3      | Reached XP level 4. HP: 26/39 MP: 4/4
  1939 | D:3      | Found a faded altar of an unknown god.
  2315 | D:3      | Noticed an ogre
  2321 | D:3      | Reached skill level 4 in Fighting
  2339 | D:3      | Reached XP level 5. HP: 18/46 MP: 5/5
  2558 | D:3      | Found a snail-covered altar of Cheibriados.
  2613 | D:3      | Killed an ogre
  2628 | D:3      | Reached XP level 6. HP: 40/53 MP: 6/6
  2735 | D:3      | Reached *** piety under Trog
  3142 | D:4      | Found a staircase to the Ecumenical Temple.
  3159 | D:4      | Noticed Blork the orc
  3168 | D:4      | Killed Blork the orc
  3497 | D:4      | Noticed Menkaure
  3505 | D:4      | Killed Menkaure
  3505 | D:4      | Reached skill level 5 in Fighting
  3505 | D:4      | Reached XP level 7. HP: 43/61 MP: 7/7
  4320 | D:5      | Entered Level 5 of the Dungeon
  4428 | D:5      | Found Xyurei's Antique Weapon Boutique.
  4899 | D:5      | Found a shimmering altar of Xom.
  4921 | D:5      | Reached skill level 5 in Maces & Flails
  5621 | D:6      | Found Rarawitz's Jewellery Boutique.
  5679 | D:6      | Found a glowing silver altar of Zin.
  5682 | D:6      | Found a shattered altar of Ashenzari.
  5684 | D:6      | Found a shimmering altar of Xom.
  5721 | D:6      | Gained mutation: You are robust. (+10% HP) [potion of mutation]
  5721 | D:6      | Gained mutation: Your body sometimes deteriorates upon taking damage. [potion of mutation]
  5721 | D:6      | Gained mutation: You are partially covered in yellow scales. (AC +2) [potion of mutation]
  5788 | D:6      | Reached skill level 6 in Fighting
  5788 | D:6      | Reached XP level 8. HP: 73/77 MP: 8/8
  6180 | D:7      | Reached **** piety under Trog
  6216 | D:7      | Gained mutation: You have a pair of small horns on your head. [mutagenic meat]
  6220 | D:7      | Gained mutation: Your flesh is cold resistant. (rC+) [mutagenic meat]
  6323 | D:7      | Found a hazy altar of Hepliaklqana.
  6557 | D:7      | Found a bloodstained altar of Trog.
  6749 | D:8      | Found an ancient bone altar of Kikubaaqudgha.
  6767 | D:8      | Reached skill level 7 in Fighting
  6767 | D:8      | Reached skill level 5 in Dodging
  7043 | D:8      | Noticed a hippogriff
  7044 | D:8      | Found an iron altar of Okawaru.
  7044 | D:8      | Found a staircase to the Lair.
  7053 | D:8      | Killed a hippogriff
  7053 | D:8      | Reached XP level 9. HP: 84/86 MP: 5/9
  7079 | D:8      | Killed from afar by a hell hound

Skill      XL: |  1  2  3  4  5  6  7  8 |
---------------+-------------------------+-----
Axes           | 1 2 |  2.4
Dodging        | 2 3 4 5 |  5.3
Maces & Flails | 3 4 5 6 |  6.5
Fighting       | 4 5 6 7 |  7.4
Armour         | |  1.3

Action                   |  1- 3 |  4- 6 |  7- 9 || total
-------------------------+-------+-------+-------++-------
Melee: Hand axe          |   138 |   118 |       ||   256
       Kick              |    31 |    39 |    47 ||   117
       Mace              |     3 |    32 |   159 ||   194
       Headbutt          |       |       |    12 ||    12
Invok: Berserk           |     2 |     7 |     3 ||    12
  Use: Scroll            |     6 |     3 |     3 ||    12
       Potion            |     4 |     4 |     2 ||    10
 Stab: Distracted        |       |     1 |       ||     1
       Invisible         |       |     1 |       ||     1
  Eat: Chunk             |     4 |    12 |    20 ||    36
       Royal jelly       |       |     1 |       ||     1
       Bread ration      |       |       |     1 ||     1
Armor: Animal skin       |    57 |    52 |    65 ||   174
Dodge: Dodged            |    99 |    88 |    77 ||   264
Block: Other             |    16 |    20 |     5 ||    41
